 Dungeon Crawl Stone Soup version 0.26.1-2-gb8aa6d0cf2 (webtiles) character file.

Game seed: 13313283568337718934

1209 Gadfly the Skirmisher (level 8, -9/79 HPs)
             Began as an Ogre Monk on Feb 12, 2021.
             Was a Priest of Okawaru.
             Killed from afar by Maggie (28 damage)
             ... with a bolt of fire
             ... on level 7 of the Dungeon.
             The game lasted 00:11:56 (9197 turns).

Gadfly the Skirmisher (Ogre Monk)                   Turns: 9197, Time: 00:11:57

Health: -9/79      AC:  5    Str: 18    XL:     8   Next: 45%
Magic:  11/11      EV: 10    Int: 11    God:    Okawaru [***...]
Gold:   400        SH:  0    Dex: 11    Spells: 7/7 levels left

rFire    . . .     SeeInvis .   b - +3 dagger (venom)
rCold    . . .     Faith    .   (no shield)
rNeg     . . .     Spirit   .   i - +1 robe
rPois    .         Reflect  .   (helmet restricted)
rElec    .         Harm     .   m - +0 cloak
rCorr    .         Rampage  .   (gloves unavailable)
Will     .....                  (boots unavailable)
Stlth    ++........             (no amulet)
HPRegen  0.23/turn              (no ring)
MPRegen  0.12/turn              (no ring)

@: no status effects
A: large, unfitting armour, tough skin 1
a: Renounce Religion, Heroism


You were on level 7 of the Dungeon.
You worshipped Okawaru.
Okawaru was most pleased with you.
You visited 2 branches of the dungeon, and saw 8 of its levels.

You collected 400 gold pieces.

Inventory:

Hand Weapons
 a - a +0 flail
 b - a +3 dagger of venom (weapon)
Missiles
 g - a throwing net (quivered)
 j - 156 stones
Armour
 i - a +1 robe (worn)
 m - a +0 cloak (worn)
Scrolls
 e - a scroll of teleportation
 f - a scroll of fear
 l - a scroll of remove curse
 n - 4 scrolls of enchant weapon
 o - a scroll of identify
Potions
 c - 2 potions of attraction
 d - a potion of might
 h - a potion of curing
 k - a potion of flight


   Skills:
 + Level 4.7 Fighting
 * Level 4.3 Maces & Flails
 * Level 4.3 Throwing
 * Level 3.5 Armour
 - Level 2.6 Dodging
 - Level 1.4 Stealth
 + Level 4.1 Invocations
 * Level 3.6 Evocations


You had 7 spell levels left.
You didn't know any spells.
Your spell library contained the following spells:

 Spells                   Type           Power        Failure   Level
 Animate Skeleton         Necr           0%           34%         1
 Pain                     Necr           0%           34%         1
 Vampiric Draining        Necr           0%           71%         3
 Animate Dead             Necr           0%           98%         4
 Agony                    Necr           0%           100%        5


Dungeon Overview and Level Annotations

Branches:
Dungeon (7/15)             Temple (1/1) D:4

Altars:
Ashenzari
Cheibriados
Dithmenos
Elyvilon
Fedhas
Gozag
Hepliaklqana
Kikubaaqudgha
Makhleb
Nemelex Xobeh
Okawaru
Qazlal
Ru
Sif Muna
Trog
Uskayaw
Vehumet
Wu Jian
Xom
Yredelemnul
Zin
The Shining One

Annotations:
D:7 Maggie


Innate Abilities, Weirdness & Mutations

You are too large for most types of armour.
You have tough skin. (AC +1)


Message History

You kill the ogre!
Okawaru accepts your kill.
Okawaru will now gift you ammunition as you gain piety.
Maggie casts a spell at you. The bolt of fire hits you!
* * * LOW HITPOINT WARNING * * *
Okay, then.
You aren't carrying any items that you can evoke.
Okay, then.
Maggie casts a spell.
Maggie attempts to bespell you!
You are mesmerised by Maggie!
Your magical effects are unravelling.
You feel magically purged.
You break out of your daze.
Maggie points at you and mumbles some strange words.
The bolt of fire misses you. Maggie gestures at you while chanting.
The bolt of fire hits you!!
You die...

#..(..########..
#####.###........#.# ......#
#.######.#.# #####.###.# #.#.#
### #####.....# #.#.# #..
......##### #.#.# #.#
......##########.#.## #.#
....................# #.# #.#
.###............@...#######.###.#
.# #..##########....@†........#.#
.###..# ###............#(#
......# #..#######...#.# #######
#..# #...#@# #..# #...#.# ...#
#^..#.. #..........#.....
#..)......###.###


You could see Maggie.

Vanquished Creatures
  An ice beast (D:5)
  An orc warrior (D:5)
  A sky beast (D:6)
  An ogre (D:7)
  2 bullfrogs
  A gnoll sergeant (D:6)
  A howler monkey (D:5)
  A centaur zombie (D:6)
  2 bullfrog skeletons
  3 orc priests
  A hound (D:7)
  3 orc wizards
  A centaur skeleton (D:4)
  Jessica (D:2)
  A worker ant (D:5)
  A worker ant zombie (D:5)
  4 gnolls (D:6)
  11 adders
  A white imp (D:7)
  An adder zombie (D:5)
  3 dart slugs
  4 leopard geckos
  16 orcs
  A ball python (D:4)
  6 bats
  3 giant cockroaches
  4 goblins
  3 jackals (D:1)
  3 quokkas
  8 frilled lizards
  3 kobolds (D:2)
  A quokka skeleton (D:7)
  4 rats (D:2)
98 creatures vanquished.

Notes
Turn   | Place    | Note
-------+----------+-------------------------------------------
     0 | D:1      | Gadfly the Ogre Monk began the quest for the Orb.
     0 | D:1      | Reached XP level 1. HP: 24/24 MP: 1/1
   395 | D:1      | Reached XP level 2. HP: 30/32 MP: 2/2
  1120 | D:2      | Found an ornate altar of the Wu Jian Council.
  1160 | D:2      | HP: 1/32 [adder (5)]
  1168 | D:2      | Reached skill level 1 in Throwing
  1168 | D:2      | Reached skill level 1 in Invocations
  1168 | D:2      | Reached XP level 3. HP: 20/39 MP: 3/3
  1227 | D:2      | Noticed Jessica
  1245 | D:2      | Killed Jessica
  1246 | D:2      | Reached skill level 1 in Armour
  1246 | D:2      | Reached skill level 1 in Evocations
  1246 | D:2      | Reached XP level 4. HP: 25/48 MP: 3/5
  1517 | D:2      | Found a burning altar of Makhleb.
  1522 | D:2      | Found a glowing silver altar of Zin.
  1522 | D:2      | Noticed an angel
  1523 | D:2      | Noticed a green death
  2715 | D:3      | Reached XP level 5. HP: 17/54 MP: 6/6
  3177 | D:3      | Found a basalt altar of Yredelemnul.
  3325 | D:3      | Found an opulent altar of Gozag.
  3550 | D:4      | Found a staircase to the Ecumenical Temple.
  3560 | Temple   | Entered the Ecumenical Temple
  3789 | D:4      | Found an iron altar of Okawaru.
  3801 | D:4      | Became a worshipper of Warmaster Okawaru
  3801 | D:4      | Reached * piety under Okawaru
  3801 | D:4      | Reached ** piety under Okawaru
  3923 | D:4      | Found a stormy altar of Qazlal.
  4392 | D:4      | Found a shimmering altar of Xom.
  4392 | D:4      | Found a sacrificial altar of Ru.
  4462 | D:5      | Entered Level 5 of the Dungeon
  4508 | D:5      | Reached XP level 6. HP: 22/62 MP: 7/7
  4868 | D:5      | Noticed an ice beast
  4880 | D:5      | HP: 3/62 [ice beast (12)]
  5192 | D:5      | Killed an ice beast
  5193 | D:5      | Reached XP level 7. HP: 46/70 MP: 7/9
  5350 | D:5      | Found a snail-covered altar of Cheibriados.
  6513 | D:5      | HP: 2/70 [orc warrior/cursed -1 glaive (20)]
  7845 | D:6      | Reached XP level 8. HP: 26/78 MP: 10/10
  8152 | D:6      | HP: 3/79 [gnoll/+0 spear (6)]
  9178 | D:7      | Noticed Maggie
  9179 | D:7      | Reached *** piety under Okawaru
  9197 | D:7      | Killed from afar by Maggie

Illustrated notes

Levels and vault maps discovered:
D:1:      nzn_arrival_settlement, layout_basic
D:2:      layout_basic, grunt_temple_overflow_order_and_chaos_2,
          nzn_wu_jian_council_hall, kennysheep_jessica_study
D:3:      layout_basic, lemuel_doored_altar, lemuel_coloured_pillars_altar
D:4:      layout_basic, gammafunk_temple_overflow_elements, lemuel_round_altar,
          okawaru_gym_becter, minmay_temple_entry_large_hall
D:5:      layout_loops_ring, overflow_temple_1_default
D:6:      layout_basic
D:7:      layout_loops_ring, minmay_statues_item, kennysheep_minor_cross,
          uniq_maggie
Temple:   minmay_temple_bridge_abc

Skill      XL: |  1  2  3  4  5  6  7  8 |
---------------+-------------------------+-----
Throwing       | 1 2 3 4 |  4.3
Invocations    | 1 2 3 4 |  4.1
Armour         | 1 2 3 |  3.5
Evocations     | 1 2 3 |  3.6
Maces & Flails | 3 4 |  4.3
Fighting       | |  4.7
Dodging        | |  2.6
Stealth        | |  1.4

Action                   |  1- 3 |  4- 6 |  7- 9 || total
-------------------------+-------+-------+-------++-------
Melee: Mace              |    77 |    67 |       ||   144
       Dagger            |       |    86 |   201 ||   287
       Flail             |       |    17 |    15 ||    32
       Punch             |       |     1 |       ||     1
Throw: Stone             |     1 |     9 |    18 ||    28
Invok: Heroism           |       |     1 |     1 ||     2
  Use: Scroll            |     5 |     9 |     5 ||    19
       Potion            |     3 |     1 |     2 ||     6
 Stab: Sleeping          |       |     1 |     2 ||     3
Armor: Robe              |    45 |    39 |    54 ||   138
Dodge: Dodged            |    53 |    83 |   123 ||   259
